[ AOE2 MATCH · #457510771 ]
UnrankedPersians vs Wei
[ REPLAY ANALYSIS · EXTRACTED FROM THE RECORDED GAME ]
Feudal
8:34
Castle
24:29
Imperial
41:38
| APM avg | 55.5 |
| APM peak | 89 |
| eAPM avg | 31.1 |
| Villagers / military | 176 / 114 |
Focus
⚔️ 24.3% · 🌾 75.7%
Knight ×97 · Trade Cart ×14 · Scout Cavalry ×8 · Mangonel ×7 · Trebuchet (Packed) ×2
Feudal
9:38
Castle
18:42
Imperial
42:03
| APM avg | 66.6 |
| APM peak | 109 |
| eAPM avg | 39.2 |
| Villagers / military | 189 / 84 |
Focus
⚔️ 46.5% · 🌾 53.5%
Galley ×73 · Fishing Ship ×68 · Unknown (1949) ×67 · Unknown (2626) ×41 · Unknown (1944) ×26 · Fire Galley ×10
Feudal
11:42
Castle
16:02
Imperial
35:28
| APM avg | 49.5 |
| APM peak | 93 |
| eAPM avg | 20.0 |
| Villagers / military | 107 / 259 |
Focus
⚔️ 25.1% · 🌾 74.9%
Archer ×255 · Fishing Ship ×5 · Trebuchet (Packed) ×3 · Spearman ×1
Feudal
9:02
Castle
24:42
Imperial
34:30
| APM avg | 52.8 |
| APM peak | 99 |
| eAPM avg | 35.8 |
| Villagers / military | 119 / 169 |
Focus
⚔️ 73.8% · 🌾 26.2%
Archer ×169
Feudal
9:28
Castle
21:49
Imperial
37:41
| APM avg | 62.3 |
| APM peak | 93 |
| eAPM avg | 24.3 |
| Villagers / military | 224 / 254 |
Focus
⚔️ 26.6% · 🌾 73.4%
Knight ×196 · Scout Cavalry ×58 · Trade Cart ×2
Feudal
10:32
Castle
14:21
Imperial
32:02
| APM avg | 47.7 |
| APM peak | 113 |
| eAPM avg | 24.2 |
| Villagers / military | 139 / 135 |
Focus
⚔️ 50.2% · 🌾 49.8%
Archer ×132 · Unknown (2579) ×47 · Trebuchet (Packed) ×2 · Monk ×1
Feudal
10:12
Castle
29:45
Imperial
—
| APM avg | 31.5 |
| APM peak | 120 |
| eAPM avg | 15.5 |
| Villagers / military | 116 / 55 |
Focus
⚔️ 28.0% · 🌾 72.0%
Monaspa ×22 · Spearman ×11 · Scout Cavalry ×11 · Knight ×6 · Fishing Ship ×5 · Demolition Raft ×4
Feudal
10:48
Castle
19:04
Imperial
—
| APM avg | 20.8 |
| APM peak | 35 |
| eAPM avg | 13.5 |
| Villagers / military | 152 / 68 |
Focus
⚔️ 29.3% · 🌾 70.7%
Fire Galley ×23 · Galley ×21 · Genoese Crossbowman ×18 · Fishing Ship ×6 · Unknown (2626) ×5 · Archer ×4
Match map
Initial resources + every placement click. Lines = walls · curves = elevation contours. ◆ gold · ⬟ stone · ● berries · ✦ relic · ◌ wall gap
Your base· ✓ Closed at 24:29 · 93t walls · 3 gate(s) · fragile
StKunduz's base· Open — unwalled flank
Zzzzzz's base· Open — unwalled flank
VL Lemoine's base· ✓ Closed at 24:42 · 6t walls · fragile
OOOOOOOOOOO's base· Open — unwalled flank
_stranikk_'s base· Open — unwalled flank
Drutt's base· ✓ Closed at 29:45 · 81t walls · 3 gate(s) · fragile
SSx_Sinistro's base· Open — unwalled flank
Smoothed initial terrain · ◌ = detected wall gap · hover for details
Inputs per minute
— dapao - - StKunduz
Build order — dapao
First 150 of 526 actions detected
| 0:00 | Create | Villager (Male) |
| 0:01 | Create | Villager (Male) |
| 0:01 | Create | Villager (Male) |
| 0:02 | Build | House |
| 0:03 | Build | House |
| 0:07 | Create | Villager (Male) |
| 0:08 | Create | Villager (Male) |
| 0:08 | Create | Villager (Male) |
| 1:24 | Create | Villager (Male) |
| 1:24 | Create | Villager (Male) |
| 1:44 | Create | Villager (Male) |
| 1:44 | Create | Villager (Male) |
| 1:56 | Build | House |
| 2:25 | Create | Villager (Male) |
| 2:30 | Build | Lumber Camp |
| 2:42 | Create | Villager (Male) |
| 2:42 | Create | Villager (Male) |
| 3:19 | Create | Villager (Male) |
| 3:19 | Create | Villager (Male) |
| 3:46 | Create | Villager (Male) |
| 3:46 | Create | Villager (Male) |
| 4:03 | Build | House |
| 4:20 | Create | Villager (Male) |
| 4:20 | Create | Villager (Male) |
| 4:22 | Create | Villager (Male) |
| 4:22 | Create | Villager (Male) |
| 4:43 | Create | Villager (Male) |
| 5:19 | Build | Mill |
| 5:22 | Create | Villager (Male) |
| 5:34 | Create | Villager (Male) |
| 5:47 | Research | Loom |
| 6:31 | Research | Feudal Age |
| 6:31 | Research | Feudal Age |
| 7:14 | Build | Barracks |
| 8:07 | Create | Villager (Male) |
| 8:25 | Build | Palisade Wall |
| 8:29 | Build | Palisade Wall |
| 8:33 | Create | Villager (Male) |
| 8:34 | Build | House |
| 8:34 | Age | Feudal Age |
| 8:41 | Build | Stable |
| 8:49 | Create | Villager (Male) |
| 9:18 | Create | Scout Cavalry |
| 9:18 | Create | Scout Cavalry |
| 9:18 | Create | Scout Cavalry |
| 9:21 | Build | House |
| 9:40 | Build | House |
| 9:47 | Create | Villager (Male) |
| 10:00 | Build | Palisade Wall |
| 10:02 | Create | Villager (Male) |
| 10:22 | Build | Palisade Wall |
| 10:25 | Build | Palisade Wall |
| 10:35 | Create | Villager (Male) |
| 10:36 | Build | Farm |
| 10:37 | Build | Farm |
| 10:41 | Build | Farm |
| 11:16 | Create | Villager (Male) |
| 11:18 | Build | Farm |
| 11:22 | Create | Scout Cavalry |
| 11:50 | Build | Farm |
| 11:53 | Build | Farm |
| 11:53 | Build | Farm |
| 11:59 | Build | Mill |
| 12:01 | Create | Villager (Male) |
| 12:08 | Build | Palisade Wall |
| 12:15 | Build | Palisade Wall |
| 12:17 | Create | Villager (Male) |
| 12:32 | Build | Farm |
| 12:47 | Build | Palisade Gate |
| 12:56 | Create | Scout Cavalry |
| 12:56 | Create | Scout Cavalry |
| 13:15 | Build | House |
| 13:20 | Create | Villager (Male) |
| 13:37 | Build | House |
| 13:39 | Build | House |
| 13:42 | Build | Stone Wall |
| 13:48 | Create | Scout Cavalry |
| 13:49 | Create | Scout Cavalry |
| 14:01 | Build | House |
| 14:03 | Build | House |
| 14:11 | Build | House |
| 14:16 | Create | Villager (Male) |
| 14:16 | Create | Villager (Male) |
| 14:20 | Create | Villager (Male) |
| 14:59 | Build | Watch Tower |
| 15:29 | Create | Villager (Male) |
| 15:30 | Create | Villager (Male) |
| 15:30 | Create | Villager (Male) |
| 15:36 | Build | Watch Tower |
| 15:43 | Build | Stone Wall |
| 15:48 | Create | Villager (Male) |
| 16:11 | Build | House |
| 16:15 | Build | House |
| 16:17 | Create | Villager (Male) |
| 16:24 | Build | Lumber Camp |
| 16:32 | Build | House |
| 16:36 | Build | House |
| 16:44 | Build | Palisade Wall |
| 16:48 | Build | Palisade Wall |
| 17:02 | Create | Villager (Male) |
| 17:03 | Create | Villager (Male) |
| 17:12 | Create | Villager (Male) |
| 17:12 | Create | Villager (Male) |
| 17:13 | Create | Villager (Male) |
| 17:14 | Create | Villager (Male) |
| 17:15 | Create | Villager (Male) |
| 17:38 | Build | House |
| 17:39 | Create | Villager (Male) |
| 17:42 | Build | Mining Camp |
| 17:47 | Build | Mining Camp |
| 18:02 | Create | Villager (Male) |
| 18:07 | Build | House |
| 18:11 | Create | Villager (Male) |
| 18:15 | Create | Villager (Male) |
| 18:17 | Build | Mining Camp |
| 18:26 | Create | Villager (Male) |
| 18:38 | Create | Villager (Male) |
| 18:48 | Build | Stone Wall |
| 18:53 | Build | Gate |
| 18:55 | Create | Villager (Male) |
| 19:01 | Create | Villager (Male) |
| 19:23 | Build | Blacksmith |
| 19:27 | Build | Stone Wall |
| 19:31 | Create | Villager (Male) |
| 19:39 | Build | Stone Wall |
| 19:42 | Build | Stone Wall |
| 19:48 | Create | Villager (Male) |
| 19:53 | Build | Farm |
| 19:54 | Create | Villager (Male) |
| 20:02 | Create | Villager (Male) |
| 20:13 | Build | Lumber Camp |
| 20:27 | Build | Stone Wall |
| 20:49 | Build | Farm |
| 20:50 | Build | Farm |
| 20:54 | Create | Villager (Male) |
| 21:00 | Build | Farm |
| 21:01 | Build | Farm |
| 21:05 | Build | Farm |
| 21:07 | Create | Villager (Male) |
| 21:11 | Create | Villager (Male) |
| 21:34 | Build | Stone Wall |
| 21:35 | Build | Stone Wall |
| 21:38 | Build | Stone Wall |
| 21:40 | Create | Villager (Male) |
| 21:43 | Build | Farm |
| 21:43 | Build | Farm |
| 21:44 | Build | Farm |
| 21:49 | Research | Castle Age |
| 21:50 | Research | Castle Age |
| 22:03 | Research | Double-Bit Axe |
Build order — StKunduz
First 150 of 619 actions detected
| 0:00 | Create | Villager (Male) |
| 0:00 | Create | Villager (Male) |
| 0:01 | Create | Villager (Male) |
| 0:02 | Build | House |
| 0:03 | Build | House |
| 0:07 | Create | Villager (Male) |
| 0:07 | Create | Villager (Male) |
| 1:26 | Create | Villager (Male) |
| 1:26 | Create | Villager (Male) |
| 1:52 | Create | Villager (Male) |
| 1:52 | Create | Villager (Male) |
| 2:29 | Create | Villager (Male) |
| 2:30 | Create | Villager (Male) |
| 2:30 | Create | Villager (Male) |
| 2:35 | Build | Lumber Camp |
| 2:58 | Create | Villager (Male) |
| 2:58 | Create | Villager (Male) |
| 3:21 | Create | Villager (Male) |
| 3:22 | Create | Villager (Male) |
| 3:40 | Create | Villager (Male) |
| 3:40 | Create | Villager (Male) |
| 3:50 | Build | House |
| 3:57 | Create | Villager (Male) |
| 3:58 | Create | Villager (Male) |
| 4:32 | Create | Villager (Male) ×2 |
| 5:03 | Build | Dock |
| 5:07 | Create | Villager (Male) |
| 5:08 | Create | Villager (Male) |
| 5:22 | Create | Villager (Male) |
| 5:33 | Build | House |
| 5:42 | Create | Fishing Ship |
| 6:17 | Create | Fishing Ship |
| 6:42 | Create | Villager (Male) |
| 6:46 | Create | Villager (Male) |
| 6:48 | Create | Fishing Ship |
| 7:28 | Research | Feudal Age |
| 7:29 | Research | Feudal Age |
| 7:31 | Create | Fishing Ship |
| 8:03 | Build | House |
| 8:30 | Create | Villager (Male) |
| 8:33 | Build | Dock |
| 9:09 | Build | Mining Camp |
| 9:19 | Create | Villager (Male) |
| 9:37 | Create | Villager (Male) |
| 9:38 | Age | Feudal Age |
| 9:39 | Research | Double-Bit Axe |
| 9:39 | Research | Double-Bit Axe |
| 9:42 | Create | Fire Galley |
| 9:42 | Create | Fire Galley |
| 9:49 | Create | Fire Galley |
| 9:49 | Create | Fire Galley |
| 10:04 | Create | Villager (Male) |
| 10:09 | Build | House |
| 10:12 | Build | House |
| 10:20 | Create | Villager (Male) |
| 10:37 | Create | Fire Galley |
| 10:37 | Create | Fire Galley |
| 10:58 | Create | Fire Galley |
| 10:58 | Create | Fire Galley |
| 11:09 | Create | Villager (Male) |
| 11:11 | Build | House |
| 11:30 | Create | Fire Galley |
| 11:30 | Create | Fire Galley |
| 11:31 | Create | Villager (Male) |
| 11:35 | Build | House |
| 11:36 | Build | House |
| 11:37 | Create | Villager (Male) |
| 11:48 | Build | Mill |
| 12:00 | Create | Villager (Male) |
| 12:06 | Build | Lumber Camp |
| 12:07 | Create | Fishing Ship |
| 12:07 | Create | Fishing Ship |
| 12:18 | Create | Fishing Ship |
| 12:19 | Create | Fishing Ship |
| 12:19 | Create | Villager (Male) |
| 12:27 | Research | Horse Collar |
| 12:27 | Research | Horse Collar |
| 12:28 | Research | Horse Collar |
| 12:58 | Build | House |
| 13:00 | Build | Palisade Wall |
| 13:04 | Research | Loom |
| 13:06 | Create | Fishing Ship |
| 13:07 | Create | Fishing Ship |
| 13:09 | Create | Villager (Male) |
| 13:50 | Create | Villager (Male) |
| 13:50 | Create | Fishing Ship |
| 13:51 | Create | Fishing Ship |
| 14:03 | Create | Villager (Male) |
| 14:19 | Build | Blacksmith |
| 14:22 | Create | Fishing Ship |
| 14:29 | Create | Villager (Male) |
| 14:45 | Create | Villager (Male) |
| 14:59 | Build | Market |
| 15:07 | Research | Gold Mining |
| 15:10 | Create | Villager (Male) |
| 15:31 | Create | Fishing Ship |
| 15:32 | Create | Fishing Ship |
| 15:32 | Create | Fishing Ship |
| 15:32 | Create | Fishing Ship |
| 16:00 | Research | Castle Age |
| 16:00 | Research | Castle Age |
| 16:01 | Build | House |
| 16:03 | Build | House |
| 16:16 | Create | Galley |
| 16:17 | Create | Galley |
| 16:23 | Create | Villager (Male) |
| 16:34 | Build | Dock |
| 16:49 | Create | Villager (Male) |
| 16:58 | Create | Galley |
| 16:58 | Create | Galley |
| 17:24 | Build | Dock |
| 17:25 | Create | Villager (Male) |
| 17:36 | Create | Villager (Male) |
| 18:01 | Create | Galley |
| 18:01 | Create | Galley |
| 18:01 | Create | Galley |
| 18:03 | Create | Villager (Male) |
| 18:27 | Create | Villager (Male) |
| 18:38 | Create | Villager (Male) |
| 18:41 | Build | Dock |
| 18:42 | Age | Castle Age |
| 18:43 | Create | Galley |
| 18:43 | Create | Galley |
| 18:50 | Research | War Galley (upgrade) |
| 18:50 | Research | War Galley (upgrade) |
| 18:52 | Create | Villager (Male) |
| 18:56 | Build | Town Center |
| 19:09 | Build | Town Center |
| 19:23 | Research | Fletching |
| 19:23 | Research | Fletching |
| 19:30 | Create | Galley |
| 19:30 | Create | Galley |
| 19:42 | Create | Villager (Male) |
| 19:42 | Create | Villager (Male) |
| 19:50 | Research | Bow Saw |
| 19:50 | Research | Bow Saw |
| 19:51 | Research | Bow Saw |
| 19:57 | Create | Villager (Male) |
| 20:10 | Build | House |
| 20:10 | Build | House |
| 20:11 | Build | House |
| 20:12 | Create | Villager (Male) |
| 20:12 | Create | Villager (Male) |
| 20:19 | Create | Galley |
| 20:20 | Create | Galley |
| 20:25 | Create | Villager (Male) |
| 20:25 | Create | Villager (Male) |
| 20:32 | Research | Bodkin Arrow |
| 20:39 | Create | Galley |
| 20:39 | Create | Galley |
Build order — Zzzzzz
First 150 of 401 actions detected
| 0:01 | Create | Villager (Male) |
| 0:02 | Create | Villager (Male) |
| 0:03 | Build | House |
| 0:04 | Build | House |
| 0:09 | Create | Villager (Male) |
| 0:10 | Create | Villager (Male) |
| 1:23 | Create | Villager (Male) |
| 2:00 | Create | Villager (Male) |
| 2:00 | Create | Villager (Male) |
| 2:06 | Build | Lumber Camp |
| 2:27 | Build | Lumber Camp |
| 2:28 | Create | Villager (Male) |
| 2:52 | Create | Villager (Male) |
| 3:02 | Create | Villager (Male) |
| 3:32 | Create | Villager (Male) |
| 3:54 | Create | Villager (Male) |
| 4:17 | Build | House |
| 4:33 | Create | Villager (Male) |
| 4:34 | Create | Villager (Male) |
| 5:13 | Create | Villager (Male) |
| 5:13 | Create | Villager (Male) |
| 5:44 | Create | Villager (Male) |
| 5:44 | Create | Villager (Male) |
| 6:13 | Build | Dock |
| 6:22 | Create | Villager (Male) |
| 6:22 | Create | Villager (Male) |
| 6:22 | Create | Villager (Male) |
| 6:41 | Build | House |
| 7:18 | Create | Fishing Ship |
| 7:21 | Build | House |
| 7:29 | Create | Villager (Male) |
| 7:31 | Build | Mill |
| 7:54 | Create | Fishing Ship |
| 8:37 | Create | Villager (Male) |
| 8:58 | Create | Villager (Male) |
| 9:13 | Build | Mining Camp |
| 9:26 | Research | Feudal Age |
| 9:28 | Create | Fishing Ship |
| 10:10 | Build | House |
| 10:15 | Create | Fishing Ship |
| 10:45 | Create | Fishing Ship |
| 11:23 | Create | Villager (Male) |
| 11:23 | Create | Villager (Male) |
| 11:31 | Build | Barracks |
| 11:42 | Age | Feudal Age |
| 11:44 | Create | Villager (Male) |
| 11:48 | Build | Blacksmith |
| 12:43 | Build | Archery Range |
| 12:53 | Create | Villager (Male) |
| 13:07 | Build | House |
| 13:22 | Research | Castle Age |
| 13:37 | Build | Archery Range |
| 13:43 | Research | Double-Bit Axe |
| 13:44 | Research | Forging |
| 13:44 | Research | Forging |
| 13:48 | Research | Fletching |
| 14:20 | Build | Palisade Wall |
| 14:22 | Build | Palisade Wall |
| 14:24 | Build | Palisade Wall |
| 15:21 | Create | Archer |
| 15:21 | Create | Archer |
| 15:24 | Create | Villager (Male) |
| 15:27 | Research | Gold Mining |
| 15:34 | Build | Dock |
| 16:02 | Age | Castle Age |
| 16:06 | Research | Crossbowman (upgrade) |
| 16:07 | Create | Archer |
| 16:07 | Create | Archer |
| 16:07 | Create | Archer |
| 16:08 | Create | Archer |
| 16:08 | Create | Archer |
| 16:09 | Create | Villager (Male) |
| 16:09 | Create | Villager (Male) |
| 16:22 | Build | Archery Range |
| 16:33 | Build | Town Center |
| 16:39 | Research | Bow Saw |
| 16:39 | Research | Bow Saw |
| 16:40 | Create | Villager (Male) |
| 17:04 | Create | Archer |
| 17:04 | Create | Archer |
| 17:04 | Create | Archer |
| 17:05 | Create | Archer |
| 17:05 | Create | Archer |
| 17:05 | Create | Villager (Male) |
| 18:07 | Research | Bodkin Arrow |
| 18:22 | Build | Farm |
| 18:23 | Create | Archer |
| 18:24 | Create | Archer |
| 18:24 | Create | Archer |
| 18:24 | Create | Archer |
| 18:25 | Create | Archer |
| 18:41 | Build | Farm |
| 18:42 | Build | Farm |
| 18:44 | Build | Farm |
| 18:48 | Build | Farm |
| 18:54 | Create | Archer ×2 |
| 19:08 | Build | Farm |
| 19:10 | Build | Farm |
| 19:12 | Build | Farm |
| 19:15 | Build | Farm |
| 19:17 | Build | Farm |
| 19:18 | Build | Farm |
| 19:27 | Build | House |
| 20:07 | Create | Archer ×5 |
| 20:07 | Create | Archer ×5 |
| 20:09 | Create | Villager (Male) |
| 20:19 | Build | Farm |
| 20:21 | Build | Farm |
| 20:23 | Build | Farm |
| 20:41 | Create | Archer ×2 |
| 20:41 | Create | Archer ×2 |
| 20:46 | Create | Villager (Male) |
| 20:51 | Build | House |
| 20:56 | Research | Padded Archer Armor |
| 20:57 | Research | Padded Archer Armor |
| 21:21 | Create | Villager (Male) |
| 21:21 | Create | Villager (Male) |
| 21:25 | Build | House |
| 21:26 | Build | House |
| 22:37 | Create | Archer ×5 |
| 22:38 | Create | Archer |
| 22:38 | Create | Villager (Male) |
| 22:41 | Create | Villager (Male) |
| 22:43 | Create | Villager (Male) |
| 22:45 | Build | University |
| 23:15 | Create | Archer ×5 |
| 23:16 | Create | Archer ×5 |
| 23:16 | Create | Archer ×2 |
| 23:24 | Build | Farm |
| 23:26 | Create | Villager (Male) |
| 23:26 | Create | Villager (Male) |
| 23:37 | Create | Archer ×2 |
| 23:41 | Create | Villager (Male) |
| 23:47 | Build | Town Center |
| 23:59 | Create | Archer ×2 |
| 24:02 | Create | Villager (Male) |
| 24:02 | Create | Villager (Male) |
| 24:10 | Build | Farm |
| 24:19 | Create | Villager (Male) |
| 24:19 | Create | Villager (Male) |
| 24:28 | Create | Villager (Male) |
| 24:42 | Create | Villager (Male) |
| 24:43 | Create | Villager (Male) |
| 24:44 | Create | Villager (Male) |
| 24:49 | Build | Lumber Camp |
| 24:52 | Create | Villager (Male) |
| 25:00 | Build | Farm |
| 25:02 | Build | Farm |
| 25:03 | Build | Farm |
| 25:33 | Research | Leather Archer Armor |
Build order — VL Lemoine
First 150 of 412 actions detected
| 0:01 | Create | Villager (Male) |
| 0:01 | Create | Villager (Male) |
| 0:01 | Create | Villager (Male) |
| 0:01 | Create | Villager (Male) |
| 0:02 | Build | House |
| 0:03 | Build | House |
| 1:24 | Create | Villager (Male) |
| 1:51 | Create | Villager (Male) |
| 2:07 | Build | Lumber Camp |
| 2:23 | Create | Villager (Male) |
| 2:57 | Create | Villager (Male) |
| 2:57 | Create | Villager (Male) |
| 3:36 | Create | Villager (Male) |
| 3:50 | Build | House |
| 3:59 | Create | Villager (Male) |
| 4:18 | Build | House |
| 4:23 | Create | Villager (Male) |
| 4:41 | Create | Villager (Male) |
| 4:44 | Build | Mill |
| 5:16 | Create | Villager (Male) |
| 5:27 | Build | House |
| 5:33 | Create | Villager (Male) |
| 5:56 | Create | Villager (Male) |
| 5:57 | Research | Loom |
| 6:52 | Research | Feudal Age |
| 7:58 | Build | Mining Camp |
| 8:03 | Create | Villager (Male) |
| 8:16 | Build | Barracks |
| 9:02 | Age | Feudal Age |
| 9:10 | Build | Archery Range |
| 9:17 | Research | Double-Bit Axe |
| 9:18 | Create | Villager (Male) |
| 9:44 | Create | Villager (Male) |
| 9:53 | Create | Archer |
| 10:02 | Create | Villager (Male) |
| 10:13 | Build | Archery Range |
| 10:24 | Create | Archer |
| 10:29 | Create | Villager (Male) |
| 10:33 | Create | Archer |
| 10:39 | Build | House |
| 11:00 | Create | Archer |
| 11:19 | Create | Villager (Male) |
| 11:21 | Create | Villager (Male) |
| 11:23 | Build | House |
| 11:25 | Build | House |
| 11:32 | Create | Archer |
| 11:38 | Create | Archer |
| 11:53 | Create | Villager (Male) |
| 11:57 | Build | House |
| 12:03 | Create | Archer |
| 12:07 | Build | Blacksmith |
| 12:18 | Create | Archer |
| 12:21 | Create | Villager (Male) |
| 12:43 | Create | Archer |
| 12:43 | Create | Archer |
| 12:49 | Create | Villager (Male) |
| 13:08 | Research | Fletching |
| 13:16 | Create | Villager (Male) |
| 13:22 | Create | Archer |
| 13:22 | Create | Archer |
| 13:42 | Create | Archer |
| 13:45 | Create | Villager (Male) |
| 13:51 | Build | House |
| 13:52 | Build | Market |
| 14:05 | Create | Archer |
| 14:05 | Create | Archer |
| 14:09 | Create | Villager (Male) |
| 14:12 | Create | Archer |
| 14:16 | Build | Farm |
| 14:26 | Create | Archer |
| 14:36 | Create | Villager (Male) |
| 14:37 | Build | Farm |
| 14:45 | Create | Archer |
| 14:45 | Create | Archer |
| 14:59 | Build | House |
| 15:02 | Build | House |
| 15:15 | Create | Archer |
| 15:21 | Build | Farm |
| 15:23 | Create | Villager (Male) |
| 15:38 | Create | Archer |
| 15:38 | Create | Archer |
| 15:43 | Build | Farm |
| 15:43 | Build | Farm |
| 15:45 | Create | Villager (Male) |
| 15:57 | Build | Farm |
| 16:03 | Build | Farm |
| 16:05 | Build | House |
| 16:07 | Build | House |
| 16:08 | Build | Palisade Wall |
| 16:11 | Build | Palisade Wall |
| 16:13 | Build | Palisade Wall |
| 16:15 | Build | Palisade Wall |
| 16:25 | Build | Farm |
| 16:27 | Create | Villager (Male) |
| 16:47 | Create | Archer |
| 16:47 | Create | Archer |
| 17:04 | Build | Farm |
| 17:05 | Create | Villager (Male) |
| 17:06 | Create | Villager (Male) |
| 17:08 | Create | Archer |
| 17:40 | Create | Archer |
| 17:40 | Create | Archer |
| 17:44 | Create | Villager (Male) |
| 17:45 | Create | Villager (Male) |
| 18:11 | Build | Farm |
| 18:11 | Build | Farm |
| 18:13 | Build | Farm |
| 18:14 | Build | Farm |
| 18:16 | Create | Archer |
| 18:16 | Create | Archer |
| 18:18 | Build | House |
| 18:20 | Create | Archer |
| 18:31 | Create | Archer |
| 18:44 | Create | Villager (Male) |
| 18:56 | Build | Lumber Camp |
| 18:58 | Create | Archer |
| 19:13 | Research | Wheelbarrow |
| 19:31 | Create | Archer |
| 19:31 | Create | Archer |
| 19:36 | Research | Horse Collar |
| 19:38 | Research | Gold Mining |
| 20:07 | Build | Farm |
| 20:09 | Create | Archer |
| 20:09 | Create | Archer |
| 20:35 | Create | Villager (Male) |
| 20:50 | Create | Archer |
| 20:51 | Create | Archer |
| 20:54 | Build | Farm |
| 20:56 | Build | Farm |
| 21:00 | Create | Villager (Male) |
| 21:04 | Create | Archer |
| 21:05 | Create | Archer |
| 21:22 | Create | Villager (Male) |
| 22:02 | Research | Castle Age |
| 22:10 | Create | Archer |
| 22:10 | Create | Archer |
| 22:13 | Create | Villager (Male) |
| 22:50 | Create | Archer |
| 22:50 | Create | Archer |
| 22:54 | Research | Padded Archer Armor |
| 23:14 | Create | Archer |
| 23:15 | Create | Archer |
| 23:39 | Build | Mining Camp |
| 23:48 | Create | Archer |
| 23:48 | Create | Archer |
| 24:27 | Create | Archer |
| 24:28 | Create | Archer |
| 24:42 | Age | Castle Age |
| 24:44 | Research | Crossbowman (upgrade) |
| 24:45 | Research | Bodkin Arrow |
Build order — OOOOOOOOOOO
First 150 of 526 actions detected
| 0:01 | Create | Villager (Male) |
| 0:01 | Create | Villager (Male) |
| 0:02 | Create | Villager (Male) |
| 0:02 | Create | Villager (Male) |
| 0:04 | Build | House |
| 0:05 | Build | House |
| 1:26 | Create | Villager (Male) |
| 1:26 | Create | Villager (Male) |
| 1:54 | Create | Villager (Male) |
| 1:54 | Create | Villager (Male) |
| 2:15 | Build | Lumber Camp |
| 2:27 | Create | Villager (Male) |
| 2:28 | Create | Villager (Male) |
| 2:56 | Create | Villager (Male) |
| 3:14 | Create | Villager (Male) |
| 3:42 | Create | Villager (Male) |
| 3:47 | Build | House |
| 3:56 | Create | Villager (Male) |
| 4:28 | Create | Villager (Male) |
| 4:29 | Create | Villager (Male) |
| 4:59 | Create | Villager (Male) |
| 5:07 | Build | House |
| 5:30 | Build | Mill |
| 5:39 | Create | Villager (Male) |
| 5:39 | Create | Villager (Male) |
| 5:42 | Create | Villager (Male) |
| 5:42 | Create | Villager (Male) |
| 6:19 | Create | Villager (Male) |
| 6:28 | Create | Villager (Male) |
| 6:30 | Create | Villager (Male) |
| 6:30 | Create | Villager (Male) |
| 6:34 | Create | Villager (Male) |
| 6:50 | Research | Loom |
| 7:18 | Research | Feudal Age |
| 8:01 | Build | House |
| 8:17 | Build | House |
| 8:18 | Build | Palisade Wall |
| 8:35 | Create | Villager (Male) |
| 8:38 | Build | Barracks |
| 8:54 | Create | Villager (Male) |
| 9:28 | Age | Feudal Age |
| 9:33 | Create | Villager (Male) |
| 9:35 | Build | Palisade Wall |
| 9:39 | Build | Stable |
| 9:55 | Research | Double-Bit Axe |
| 9:55 | Research | Double-Bit Axe |
| 9:57 | Create | Villager (Male) |
| 10:00 | Create | Villager (Male) |
| 10:15 | Create | Villager (Male) |
| 10:16 | Create | Scout Cavalry |
| 10:16 | Create | Scout Cavalry |
| 10:17 | Create | Scout Cavalry |
| 10:32 | Create | Villager (Male) |
| 10:33 | Create | Villager (Male) |
| 10:33 | Create | Villager (Male) |
| 10:46 | Create | Villager (Male) |
| 10:57 | Create | Villager (Male) |
| 11:19 | Create | Scout Cavalry |
| 11:19 | Create | Scout Cavalry |
| 11:22 | Build | Farm |
| 11:22 | Build | Farm |
| 11:51 | Create | Scout Cavalry |
| 11:51 | Create | Villager (Male) |
| 11:54 | Build | Farm |
| 12:00 | Create | Villager (Male) |
| 12:00 | Create | Villager (Male) |
| 12:04 | Build | House |
| 12:06 | Create | Villager (Male) |
| 12:19 | Create | Villager (Male) |
| 12:19 | Create | Villager (Male) |
| 12:23 | Build | Farm |
| 12:35 | Build | Farm |
| 12:48 | Create | Villager (Male) |
| 12:48 | Create | Villager (Male) |
| 12:49 | Build | Blacksmith |
| 13:03 | Create | Villager (Male) |
| 13:15 | Create | Scout Cavalry |
| 13:22 | Create | Villager (Male) |
| 13:22 | Create | Villager (Male) |
| 13:24 | Build | Farm |
| 13:37 | Build | Farm |
| 13:37 | Create | Villager (Male) |
| 13:42 | Create | Villager (Male) |
| 13:47 | Research | Scale Barding Armor |
| 13:51 | Build | House |
| 13:54 | Create | Villager (Male) |
| 13:57 | Build | Farm |
| 14:02 | Create | Scout Cavalry |
| 14:02 | Create | Scout Cavalry |
| 14:13 | Create | Villager (Male) |
| 14:14 | Create | Villager (Male) |
| 14:14 | Create | Villager (Male) |
| 14:18 | Build | Farm |
| 14:19 | Build | Farm |
| 14:28 | Create | Scout Cavalry |
| 14:29 | Create | Scout Cavalry |
| 15:09 | Create | Scout Cavalry |
| 15:10 | Create | Scout Cavalry |
| 15:19 | Create | Scout Cavalry |
| 15:20 | Create | Scout Cavalry |
| 15:24 | Build | House |
| 15:26 | Build | Farm |
| 15:26 | Build | Farm |
| 15:27 | Build | Farm |
| 15:27 | Build | Farm |
| 15:27 | Build | Farm |
| 15:40 | Create | Scout Cavalry |
| 15:40 | Create | Scout Cavalry |
| 15:43 | Build | Farm |
| 15:48 | Build | Farm |
| 16:02 | Create | Villager (Male) |
| 16:06 | Build | Farm |
| 16:22 | Create | Villager (Male) |
| 16:24 | Build | Farm |
| 16:35 | Create | Villager (Male) |
| 16:43 | Create | Villager (Male) |
| 17:00 | Create | Villager (Male) |
| 17:03 | Build | Mining Camp |
| 17:05 | Build | House |
| 17:16 | Create | Villager (Male) |
| 17:17 | Build | House |
| 17:23 | Create | Villager (Male) |
| 17:40 | Build | Farm |
| 17:40 | Build | Farm |
| 17:54 | Create | Villager (Male) |
| 18:15 | Create | Villager (Male) |
| 18:36 | Create | Villager (Male) |
| 18:44 | Build | Farm |
| 18:46 | Build | Farm |
| 19:09 | Research | Castle Age |
| 19:29 | Create | Villager (Male) |
| 19:32 | Build | Stable |
| 19:59 | Build | Lumber Camp |
| 20:05 | Build | House |
| 20:07 | Build | House |
| 20:12 | Create | Villager (Male) |
| 20:13 | Create | Villager (Male) |
| 20:37 | Create | Villager (Male) |
| 21:00 | Create | Villager (Male) |
| 21:40 | Create | Villager (Male) |
| 21:49 | Age | Castle Age |
| 21:55 | Research | Chain Barding Armor |
| 21:55 | Research | Chain Barding Armor |
| 21:57 | Research | Light Cavalry (upgrade) |
| 21:57 | Research | Light Cavalry (upgrade) |
| 21:58 | Research | Bloodlines |
| 21:58 | Research | Bloodlines |
| 22:00 | Research | Husbandry |
| 22:01 | Research | Husbandry |
| 22:02 | Create | Knight ×5 |
Build order — _stranikk_
First 150 of 330 actions detected
| 0:01 | Create | Villager (Male) ×4 |
| 0:02 | Create | Villager (Male) ×4 |
| 0:03 | Build | House |
| 0:04 | Build | House |
| 1:01 | Create | Villager (Male) |
| 1:30 | Create | Villager (Male) |
| 1:30 | Create | Villager (Male) |
| 2:01 | Create | Villager (Male) |
| 2:01 | Create | Villager (Male) |
| 2:50 | Create | Villager (Male) |
| 2:51 | Create | Villager (Male) |
| 2:52 | Create | Villager (Male) |
| 3:10 | Build | Settlement |
| 3:13 | Create | Villager (Male) |
| 3:13 | Create | Villager (Male) |
| 3:55 | Create | Villager (Male) |
| 4:16 | Create | Villager (Male) |
| 4:16 | Create | Villager (Male) |
| 4:28 | Create | Villager (Male) |
| 4:42 | Create | Villager (Male) |
| 4:42 | Create | Villager (Male) |
| 5:10 | Create | Villager (Male) |
| 5:27 | Create | Villager (Male) |
| 5:44 | Create | Villager (Male) |
| 5:56 | Build | Settlement |
| 6:01 | Create | Villager (Male) |
| 6:27 | Create | Villager (Male) |
| 7:00 | Create | Villager (Male) |
| 7:41 | Build | Settlement |
| 7:52 | Research | Feudal Age |
| 7:55 | Research | Loom |
| 7:55 | Research | Feudal Age |
| 8:14 | Create | Villager (Male) |
| 8:47 | Create | Villager (Male) |
| 10:32 | Age | Feudal Age |
| 10:34 | Build | Market |
| 10:37 | Build | Blacksmith |
| 11:12 | Build | Settlement |
| 11:41 | Research | Castle Age |
| 11:42 | Research | Castle Age |
| 11:53 | Research | Double-Bit Axe |
| 12:29 | Create | Villager (Male) |
| 12:59 | Research | Horse Collar |
| 13:28 | Create | Villager (Male) |
| 13:37 | Research | Fletching |
| 14:21 | Age | Castle Age |
| 14:42 | Build | Castle |
| 14:51 | Create | Villager (Male) |
| 14:54 | Create | Villager (Male) ×2 |
| 14:54 | Create | Villager (Male) ×2 |
| 15:16 | Create | Villager (Male) |
| 15:18 | Build | Farm |
| 15:19 | Build | Farm |
| 15:20 | Build | Farm |
| 15:21 | Build | Farm |
| 15:35 | Create | Villager (Male) |
| 15:36 | Create | Villager (Male) |
| 15:47 | Build | Farm |
| 15:50 | Build | Farm |
| 15:53 | Create | Unit 2579 ×3 |
| 15:53 | Create | Unit 2579 ×3 |
| 16:12 | Build | Farm |
| 16:15 | Build | Farm |
| 16:17 | Create | Villager (Male) |
| 16:20 | Create | Unit 2579 |
| 16:31 | Create | Villager (Male) |
| 16:33 | Create | Unit 2579 |
| 16:52 | Create | Villager (Male) |
| 16:53 | Create | Villager (Male) |
| 17:00 | Create | Villager (Male) |
| 17:05 | Create | Unit 2579 |
| 17:06 | Create | Unit 2579 |
| 17:11 | Create | Unit 2579 |
| 17:12 | Create | Unit 2579 |
| 17:25 | Create | Villager (Male) |
| 17:28 | Build | Farm |
| 17:33 | Create | Unit 2579 |
| 18:00 | Create | Villager (Male) |
| 18:00 | Create | Unit 2579 |
| 18:17 | Research | Bodkin Arrow |
| 18:18 | Research | Bodkin Arrow |
| 18:20 | Build | Farm |
| 18:20 | Build | Farm |
| 18:26 | Create | Villager (Male) |
| 18:26 | Create | Villager (Male) |
| 18:26 | Create | Villager (Male) |
| 18:30 | Build | Farm |
| 18:31 | Build | Farm |
| 18:38 | Create | Unit 2579 |
| 18:41 | Create | Villager (Male) |
| 18:41 | Create | Villager (Male) |
| 18:52 | Create | Unit 2579 |
| 18:52 | Create | Unit 2579 |
| 18:59 | Create | Villager (Male) |
| 19:02 | Build | Farm |
| 19:12 | Create | Villager (Male) |
| 19:13 | Create | Villager (Male) |
| 19:16 | Research | Padded Archer Armor |
| 19:16 | Research | Padded Archer Armor |
| 19:16 | Research | Padded Archer Armor |
| 19:18 | Create | Unit 2579 |
| 19:18 | Create | Unit 2579 |
| 19:18 | Create | Unit 2579 |
| 19:31 | Create | Villager (Male) |
| 19:31 | Create | Villager (Male) |
| 19:32 | Create | Unit 2579 |
| 19:33 | Create | Unit 2579 |
| 19:36 | Build | Farm |
| 19:40 | Create | Villager (Male) |
| 19:44 | Create | Unit 2579 |
| 20:05 | Create | Unit 2579 |
| 20:06 | Create | Unit 2579 |
| 20:10 | Create | Villager (Male) |
| 20:13 | Create | Villager (Male) |
| 20:13 | Create | Villager (Male) |
| 20:14 | Create | Unit 2579 |
| 20:14 | Create | Unit 2579 |
| 20:25 | Create | Villager (Male) |
| 20:26 | Create | Unit 2579 |
| 20:26 | Create | Unit 2579 |
| 20:26 | Create | Unit 2579 |
| 20:46 | Build | University |
| 20:50 | Create | Unit 2579 |
| 20:55 | Create | Villager (Male) |
| 21:00 | Create | Villager (Male) |
| 21:01 | Create | Unit 2579 ×2 |
| 21:28 | Create | Unit 2579 |
| 21:28 | Create | Unit 2579 |
| 21:38 | Research | Wheelbarrow |
| 21:39 | Research | Wheelbarrow |
| 22:03 | Create | Villager (Male) |
| 22:04 | Create | Villager (Male) |
| 22:20 | Research | Ballistics |
| 22:36 | Create | Villager (Male) |
| 22:46 | Create | Villager (Male) |
| 22:57 | Create | Villager (Male) |
| 22:58 | Create | Unit 2579 |
| 23:05 | Create | Villager (Male) |
| 23:06 | Create | Unit 2579 |
| 23:07 | Create | Unit 2579 |
| 23:15 | Create | Unit 2579 |
| 23:16 | Create | Unit 2579 |
| 23:35 | Create | Villager (Male) |
| 23:40 | Build | Palisade Wall |
| 23:55 | Create | Villager (Male) |
| 23:58 | Create | Unit 2579 |
| 23:58 | Create | Unit 2579 |
| 24:14 | Create | Villager (Male) |
| 24:21 | Create | Unit 2579 |
| 24:42 | Research | Hand Cart |
Build order — Drutt
First 150 of 304 actions detected
| 0:02 | Create | Villager (Male) ×4 |
| 0:04 | Build | House |
| 0:07 | Build | House |
| 1:24 | Create | Villager (Male) |
| 1:25 | Create | Villager (Male) |
| 1:58 | Create | Villager (Male) |
| 1:58 | Create | Villager (Male) |
| 2:39 | Create | Villager (Male) |
| 2:39 | Create | Villager (Male) |
| 3:08 | Create | Villager (Male) |
| 3:48 | Create | Villager (Male) |
| 3:48 | Create | Villager (Male) |
| 3:48 | Create | Villager (Male) |
| 4:19 | Build | House |
| 4:40 | Create | Villager (Male) |
| 4:40 | Create | Villager (Male) |
| 4:40 | Create | Villager (Male) |
| 5:23 | Create | Villager (Male) |
| 5:49 | Create | Villager (Male) |
| 6:09 | Create | Villager (Male) |
| 6:13 | Build | Mill |
| 6:24 | Create | Villager (Male) |
| 6:52 | Create | Villager (Male) |
| 7:14 | Create | Villager (Male) |
| 7:20 | Research | Loom |
| 8:02 | Research | Feudal Age |
| 8:39 | Build | Barracks |
| 8:53 | Build | House |
| 9:11 | Build | Palisade Wall |
| 9:21 | Build | Palisade Wall |
| 10:12 | Age | Feudal Age |
| 10:19 | Build | Stable |
| 10:26 | Research | Double-Bit Axe |
| 10:34 | Create | Villager (Male) |
| 10:34 | Create | Villager (Male) |
| 10:42 | Create | Spearman |
| 10:46 | Create | Spearman |
| 10:48 | Build | Palisade Wall |
| 10:59 | Build | Palisade Wall |
| 11:22 | Create | Villager (Male) |
| 11:24 | Create | Scout Cavalry |
| 11:25 | Create | Scout Cavalry |
| 11:30 | Create | Spearman |
| 11:37 | Build | Palisade Gate |
| 11:49 | Create | Spearman |
| 11:50 | Create | Villager (Male) |
| 11:51 | Create | Scout Cavalry |
| 11:55 | Build | House |
| 11:56 | Build | House |
| 12:16 | Build | Farm |
| 12:20 | Create | Villager (Male) |
| 12:22 | Build | Farm |
| 12:24 | Create | Scout Cavalry |
| 12:27 | Create | Spearman |
| 12:45 | Create | Scout Cavalry |
| 13:04 | Build | Farm |
| 13:11 | Create | Scout Cavalry |
| 13:15 | Create | Villager (Male) |
| 13:15 | Create | Villager (Male) |
| 13:15 | Create | Villager (Male) |
| 13:16 | Create | Scout Cavalry |
| 13:20 | Create | Spearman |
| 13:45 | Create | Scout Cavalry |
| 13:50 | Build | House |
| 13:51 | Build | House |
| 14:12 | Build | Farm |
| 14:14 | Build | Farm |
| 14:34 | Create | Spearman |
| 15:02 | Create | Spearman |
| 15:08 | Create | Villager (Male) |
| 15:29 | Build | Palisade Wall |
| 15:50 | Create | Villager (Male) |
| 15:52 | Create | Villager (Male) |
| 16:13 | Build | Palisade Wall |
| 16:18 | Build | Farm |
| 16:19 | Create | Villager (Male) |
| 16:44 | Create | Villager (Male) |
| 16:59 | Create | Spearman |
| 17:12 | Build | Farm |
| 17:25 | Create | Villager (Male) |
| 17:41 | Build | Palisade Wall |
| 17:42 | Create | Spearman |
| 18:31 | Create | Villager (Male) |
| 18:35 | Create | Villager (Male) |
| 18:37 | Build | Farm |
| 18:49 | Build | Palisade Wall |
| 18:51 | Create | Villager (Male) |
| 18:52 | Create | Villager (Male) |
| 18:58 | Build | House |
| 19:08 | Create | Villager (Male) |
| 19:23 | Build | Mule Cart |
| 19:51 | Build | Watch Tower |
| 20:10 | Build | Farm |
| 20:12 | Build | Farm |
| 20:14 | Build | Farm |
| 20:16 | Create | Villager (Male) |
| 20:25 | Build | House |
| 20:42 | Build | Farm |
| 20:45 | Build | Farm |
| 20:46 | Create | Villager (Male) |
| 21:12 | Create | Villager (Male) |
| 21:34 | Build | Blacksmith |
| 21:35 | Create | Villager (Male) |
| 21:57 | Build | House |
| 22:05 | Build | Farm |
| 22:06 | Create | Villager (Male) |
| 22:14 | Create | Villager (Male) |
| 22:26 | Create | Villager (Male) |
| 22:52 | Build | Market |
| 22:55 | Create | Villager (Male) |
| 23:14 | Build | Palisade Wall |
| 23:16 | Build | Palisade Wall |
| 23:36 | Research | Wheelbarrow |
| 23:46 | Build | Palisade Gate |
| 23:50 | Build | House |
| 24:01 | Build | House |
| 24:11 | Build | Palisade Gate |
| 24:30 | Build | Farm |
| 24:31 | Build | Farm |
| 24:31 | Build | Farm |
| 24:36 | Create | Villager (Male) |
| 24:38 | Create | Villager (Male) |
| 25:09 | Build | Farm |
| 25:10 | Build | Farm |
| 25:33 | Build | House |
| 25:36 | Create | Villager (Male) |
| 25:40 | Build | Farm |
| 26:03 | Create | Villager (Male) |
| 26:26 | Build | Farm |
| 26:27 | Build | Farm |
| 26:57 | Build | Mule Cart |
| 27:05 | Research | Castle Age |
| 27:32 | Build | Dock |
| 27:47 | Research | Horse Collar |
| 27:58 | Create | Villager (Male) |
| 28:48 | Research | Scale Barding Armor |
| 29:05 | Build | Palisade Wall |
| 29:12 | Create | Spearman |
| 29:45 | Age | Castle Age |
| 29:47 | Create | Villager (Male) |
| 30:05 | Create | Villager (Male) |
| 30:19 | Create | Villager (Male) |
| 30:20 | Create | Knight |
| 30:21 | Create | Knight |
| 30:23 | Create | Villager (Male) |
| 30:35 | Build | Town Center |
| 30:46 | Create | Villager (Male) |
| 30:47 | Create | Villager (Male) |
| 31:05 | Build | Palisade Wall |
| 31:08 | Create | Villager (Male) |
Build order — SSx_Sinistro
First 150 of 334 actions detected
| 0:03 | Create | Villager (Male) |
| 0:03 | Create | Villager (Male) |
| 0:03 | Create | Villager (Male) |
| 0:04 | Create | Villager (Male) |
| 0:04 | Create | Villager (Male) |
| 0:06 | Build | House |
| 0:08 | Build | House |
| 1:42 | Create | Villager (Male) |
| 2:07 | Create | Villager (Male) |
| 2:37 | Research | Loom |
| 2:56 | Build | Lumber Camp |
| 2:57 | Create | Villager (Male) |
| 3:17 | Create | Villager (Male) |
| 3:38 | Create | Villager (Male) |
| 3:39 | Create | Villager (Male) |
| 3:54 | Create | Villager (Male) |
| 3:59 | Create | Villager (Male) |
| 4:17 | Create | Villager (Male) |
| 4:57 | Build | House |
| 5:05 | Build | House |
| 5:21 | Create | Villager (Male) |
| 5:46 | Create | Villager (Male) |
| 6:08 | Create | Villager (Male) |
| 6:17 | Build | Dock |
| 6:17 | Create | Villager (Male) |
| 7:00 | Create | Villager (Male) |
| 7:06 | Create | Villager (Male) |
| 7:19 | Create | Fishing Ship |
| 7:31 | Create | Villager (Male) |
| 8:09 | Create | Fishing Ship |
| 8:19 | Build | House |
| 8:28 | Research | Feudal Age |
| 8:43 | Create | Fishing Ship |
| 9:00 | Build | Mining Camp |
| 9:14 | Create | Villager (Male) |
| 9:27 | Create | Villager (Male) |
| 9:35 | Create | Fishing Ship |
| 9:44 | Build | House |
| 10:15 | Create | Fishing Ship |
| 10:46 | Create | Fishing Ship |
| 10:48 | Age | Feudal Age |
| 10:53 | Create | Villager (Male) |
| 10:57 | Research | Double-Bit Axe |
| 11:10 | Create | Villager (Male) |
| 11:31 | Build | Barracks |
| 11:34 | Create | Villager (Male) |
| 11:38 | Create | Villager (Male) |
| 11:53 | Build | Lumber Camp |
| 12:09 | Create | Fire Galley |
| 12:28 | Create | Fire Galley |
| 12:33 | Build | House |
| 12:34 | Create | Villager (Male) |
| 12:42 | Build | Mill |
| 12:59 | Build | House |
| 13:04 | Research | Wheelbarrow |
| 13:10 | Build | House |
| 13:11 | Build | House |
| 13:12 | Build | House |
| 13:22 | Build | Palisade Gate |
| 13:38 | Build | Palisade Wall |
| 13:42 | Create | Villager (Male) |
| 13:50 | Build | Archery Range |
| 14:20 | Create | Demolition Raft |
| 14:27 | Build | House |
| 14:35 | Create | Villager (Male) |
| 14:48 | Create | Villager (Male) |
| 15:00 | Create | Unit 2626 |
| 15:00 | Create | Unit 2626 |
| 15:08 | Build | House |
| 15:23 | Build | Blacksmith |
| 15:32 | Create | Villager (Male) |
| 15:57 | Create | Villager (Male) |
| 16:05 | Research | Castle Age |
| 16:19 | Build | Dock |
| 16:22 | Create | Unit 2626 |
| 16:29 | Create | Archer |
| 16:29 | Create | Archer |
| 16:42 | Create | Unit 2626 |
| 17:06 | Create | Unit 2626 |
| 17:18 | Build | Market |
| 17:27 | Create | Villager (Male) |
| 17:30 | Research | Fletching |
| 17:32 | Research | Padded Archer Armor |
| 18:01 | Create | Galley |
| 18:02 | Create | Galley |
| 18:02 | Create | Galley |
| 18:05 | Create | Villager (Male) |
| 18:31 | Create | Archer |
| 18:31 | Create | Archer |
| 19:04 | Age | Castle Age |
| 19:20 | Build | Town Center |
| 19:25 | Create | Galley |
| 19:25 | Create | Galley |
| 19:55 | Create | Villager (Male) |
| 19:58 | Research | Crossbowman (upgrade) |
| 19:59 | Research | Thumb Ring |
| 20:00 | Create | Villager (Male) |
| 20:05 | Create | Villager (Male) |
| 20:22 | Build | House |
| 20:56 | Create | Villager (Male) |
| 21:02 | Research | War Galley (upgrade) |
| 21:11 | Create | Galley |
| 21:11 | Create | Galley |
| 21:17 | Create | Villager (Male) |
| 21:18 | Create | Villager (Male) |
| 21:24 | Create | Villager (Male) |
| 21:28 | Build | Farm |
| 21:30 | Build | Farm |
| 21:46 | Create | Galley |
| 21:47 | Create | Galley |
| 22:01 | Create | Fire Galley |
| 22:51 | Create | Galley |
| 22:51 | Create | Galley |
| 22:52 | Create | Villager (Male) |
| 23:22 | Create | Villager (Male) |
| 23:30 | Create | Villager (Male) |
| 23:59 | Create | Villager (Male) |
| 24:37 | Build | Lumber Camp |
| 25:23 | Create | Villager (Male) |
| 25:24 | Create | Villager (Male) |
| 25:48 | Create | Villager (Male) |
| 25:56 | Build | Farm |
| 26:22 | Build | Farm |
| 26:42 | Create | Villager (Male) |
| 27:46 | Create | Villager (Male) |
| 27:55 | Create | Villager (Male) |
| 27:55 | Create | Villager (Male) |
| 28:39 | Create | Villager (Male) |
| 28:54 | Build | Castle |
| 29:01 | Build | Farm |
| 29:14 | Build | Town Center |
| 29:47 | Build | Farm |
| 29:50 | Create | Villager (Male) |
| 30:18 | Create | Villager (Male) |
| 30:24 | Create | Genoese Crossbowman |
| 30:36 | Create | Villager (Male) |
| 30:57 | Build | Farm |
| 31:01 | Create | Villager (Male) |
| 31:03 | Create | Genoese Crossbowman |
| 31:41 | Create | Villager (Male) |
| 31:47 | Build | Farm |
| 31:50 | Build | Farm |
| 31:53 | Build | Farm |
| 31:57 | Build | Farm |
| 31:57 | Create | Villager (Male) |
| 32:00 | Create | Villager (Male) |
| 32:37 | Create | Villager (Male) |
| 32:39 | Create | Villager (Male) |
| 32:43 | Build | Farm |
| 32:50 | Create | Villager (Male) |
Match timeline
| 5:03 | StKunduz · first_building Dock |
| 6:13 | Zzzzzz · first_building Dock |
| 6:17 | SSx_Sinistro · first_building Dock |
| 7:14 | dapao · first_building Barracks |
| 8:16 | VL Lemoine · first_building Barracks |
| 8:18 | OOOOOOOOOOO · wall_segment Palisade Wall x1 |
| 8:25 | dapao · wall_segment Palisade Wall x4 |
| 8:29 | dapao · wall_segment Palisade Wall x13 |
| 8:34 | dapao · age_up feudal |
| 8:38 | OOOOOOOOOOO · first_building Barracks |
| 8:39 | Drutt · first_building Barracks |
| 8:41 | dapao · first_building Stable |
| 9:02 | VL Lemoine · age_up feudal |
| 9:10 | VL Lemoine · first_building Archery Range |
| 9:11 | Drutt · wall_segment Palisade Wall x12 |
| 9:21 | Drutt · wall_segment Palisade Wall x1 |
| 9:28 | OOOOOOOOOOO · age_up feudal |
| 9:35 | OOOOOOOOOOO · wall_segment Palisade Wall x4 |
| 9:38 | StKunduz · age_up feudal |
| 9:39 | OOOOOOOOOOO · first_building Stable |
| 10:00 | dapao · wall_segment Palisade Wall x12 |
| 10:12 | Drutt · age_up feudal |
| 10:19 | Drutt · first_building Stable |
| 10:22 | dapao · wall_segment Palisade Wall x6 |
| 10:25 | dapao · wall_segment Palisade Wall x8 |
| 10:32 | _stranikk_ · age_up feudal |
| 10:48 | Drutt · wall_segment Palisade Wall x1 |
| 10:48 | SSx_Sinistro · age_up feudal |
| 10:59 | Drutt · wall_segment Palisade Wall x1 |
| 11:31 | SSx_Sinistro · first_building Barracks |
| 11:31 | Zzzzzz · first_building Barracks |
| 11:42 | Zzzzzz · age_up feudal |
| 12:08 | dapao · wall_segment Palisade Wall x15 |
| 12:15 | dapao · wall_segment Palisade Wall x4 |
| 12:43 | Zzzzzz · first_building Archery Range |
| 13:00 | StKunduz · wall_segment Palisade Wall x22 |
| 13:38 | SSx_Sinistro · wall_segment Palisade Wall x5 |
| 13:42 | dapao · wall_segment Stone Wall x1 |
| 13:50 | SSx_Sinistro · first_building Archery Range |
| 14:20 | Zzzzzz · wall_segment Palisade Wall x1 |
| 14:21 | _stranikk_ · age_up castle |
| 14:22 | Zzzzzz · wall_segment Palisade Wall x1 |
| 14:24 | Zzzzzz · wall_segment Palisade Wall x1 |
| 14:42 | _stranikk_ · first_building Castle |
| 15:29 | Drutt · wall_segment Palisade Wall x8 |
| 15:43 | dapao · wall_segment Stone Wall x12 |
| 16:02 | Zzzzzz · age_up castle |
| 16:08 | VL Lemoine · wall_segment Palisade Wall x1 |
| 16:11 | VL Lemoine · wall_segment Palisade Wall x3 |
| 16:13 | VL Lemoine · wall_segment Palisade Wall x1 |
| 16:13 | Drutt · wall_segment Palisade Wall x10 |
| 16:15 | VL Lemoine · wall_segment Palisade Wall x1 |
| 16:44 | dapao · wall_segment Palisade Wall x1 |
| 16:48 | dapao · wall_segment Palisade Wall x1 |
| 17:41 | Drutt · wall_segment Palisade Wall x9 |
| 18:10 | StKunduz · first_market_sell 100 food |
| 18:11 | StKunduz · first_market_buy 100 wood |
| 18:42 | StKunduz · age_up castle |
| 18:48 | dapao · wall_segment Stone Wall x4 |
| 18:49 | Drutt · wall_segment Palisade Wall x14 |
| 19:04 | SSx_Sinistro · age_up castle |
| 19:27 | dapao · wall_segment Stone Wall x1 |
| 19:39 | dapao · wall_segment Stone Wall x10 |
| 19:42 | dapao · wall_segment Stone Wall x1 |
| 20:27 | dapao · wall_segment Stone Wall x5 |
| 21:23 | StKunduz · wall_segment Palisade Wall x1 |
| 21:30 | StKunduz · wall_segment Palisade Wall x1 |
| 21:32 | StKunduz · wall_segment Palisade Wall x1 |
| 21:33 | StKunduz · wall_segment Palisade Wall x1 |
| 21:34 | dapao · wall_segment Stone Wall x1 |
| 21:34 | StKunduz · wall_segment Palisade Wall x1 |
| 21:35 | dapao · wall_segment Stone Wall x1 |
| 21:38 | dapao · wall_segment Stone Wall x1 |
| 21:49 | OOOOOOOOOOO · age_up castle |
| 22:00 | VL Lemoine · first_market_sell 100 wood |
| 22:02 | VL Lemoine · first_market_buy 100 food |
| 22:15 | dapao · wall_segment Stone Wall x1 |
| 23:14 | Drutt · wall_segment Palisade Wall x17 |
| 23:16 | Drutt · wall_segment Palisade Wall x5 |
| 23:40 | _stranikk_ · wall_segment Palisade Wall x13 |
| 23:56 | dapao · wall_segment Stone Wall x6 |
| 24:29 | dapao · age_up castle |
| 24:42 | VL Lemoine · age_up castle |
| 24:43 | dapao · first_building Siege Workshop |
| 25:53 | Drutt · first_market_buy 100 food |
| 27:02 | StKunduz · first_building Barracks |
| 27:32 | Drutt · first_building Dock |
| 27:45 | StKunduz · first_building Stable |
| 27:48 | _stranikk_ · first_building Monastery |
| 27:52 | SSx_Sinistro · first_market_sell 100 wood |
| 27:53 | SSx_Sinistro · first_market_buy 100 food |
| 27:56 | _stranikk_ · first_market_buy 100 food |
| 28:26 | dapao · wall_segment Stone Wall x1 |
| 28:46 | dapao · wall_segment Stone Wall x1 |
| 28:54 | SSx_Sinistro · first_building Castle |
| 29:05 | Drutt · wall_segment Palisade Wall x4 |
| 29:34 | dapao · wall_segment Stone Wall x1 |
| 29:39 | dapao · wall_segment Stone Wall x1 |
| 29:45 | Drutt · age_up castle |
| 30:35 | _stranikk_ · first_building Barracks |
| 30:41 | Drutt · first_market_sell 100 food |
| 30:49 | VL Lemoine · first_building Monastery |
| 31:01 | Zzzzzz · first_building Monastery |
| 31:05 | Drutt · wall_segment Palisade Wall x1 |
| 31:10 | StKunduz · wall_segment Palisade Wall x1 |
| 31:10 | StKunduz · wall_segment Palisade Wall x1 |
| 31:44 | _stranikk_ · first_building Archery Range |
| 32:02 | _stranikk_ · age_up imperial |
| 32:28 | Drutt · first_building Castle |
| 32:55 | dapao · first_building Castle |
| 33:33 | OOOOOOOOOOO · first_building Monastery |
| 33:34 | StKunduz · first_building Castle |
| 33:40 | StKunduz · wall_segment Stone Wall x5 |
| 34:30 | VL Lemoine · age_up imperial |
| 35:03 | _stranikk_ · first_market_sell 100 wood |
| 35:28 | Zzzzzz · age_up imperial |
| 36:27 | Drutt · first_building Monastery |
| 37:01 | Drutt · tribute_sent a jugador 1 |
| 37:01 | Drutt · tribute_sent a jugador 2 |
| 37:01 | Drutt · tribute_sent a jugador 3 |
| 37:01 | Drutt · tribute_sent a jugador 4 |
| 37:01 | Drutt · tribute_sent a jugador 5 |
| 37:01 | Drutt · tribute_sent a jugador 6 |
| 37:01 | Drutt · tribute_sent a jugador 8 |
| 37:01 | _stranikk_ · tribute_sent a jugador 1 |
| 37:01 | _stranikk_ · tribute_sent a jugador 2 |
| 37:01 | _stranikk_ · tribute_sent a jugador 3 |
| 37:01 | _stranikk_ · tribute_sent a jugador 4 |
| 37:01 | _stranikk_ · tribute_sent a jugador 6 |
| 37:01 | _stranikk_ · tribute_sent a jugador 7 |
| 37:01 | _stranikk_ · tribute_sent a jugador 8 |
| 37:33 | _stranikk_ · wall_segment Stone Wall x22 |
| 37:34 | _stranikk_ · wall_segment Stone Wall x10 |
| 37:41 | OOOOOOOOOOO · age_up imperial |
| 37:53 | Zzzzzz · first_market_sell 500 food |
| 38:48 | dapao · first_market_buy 100 food |
| 38:53 | _stranikk_ · wall_segment Stone Wall x8 |
| 39:02 | _stranikk_ · wall_segment Stone Wall x7 |
| 39:05 | dapao · wall_segment Stone Wall x12 |
| 39:09 | _stranikk_ · wall_segment Stone Wall x20 |
| 39:16 | Zzzzzz · first_building Castle |
| 40:31 | Drutt · wall_segment Stone Wall x3 |
| 41:38 | dapao · age_up imperial |
| 41:58 | VL Lemoine · first_building Siege Workshop |
| 42:03 | StKunduz · age_up imperial |
| 43:05 | dapao · first_market_sell 100 stone |
| 44:04 | Zzzzzz · tribute_sent a jugador 1 |
| 44:04 | Zzzzzz · tribute_sent a jugador 3 |
| 44:04 | Zzzzzz · tribute_sent a jugador 4 |
| 44:04 | Zzzzzz · tribute_sent a jugador 5 |
| 44:04 | Zzzzzz · tribute_sent a jugador 6 |
| 44:04 | Zzzzzz · tribute_sent a jugador 7 |
| 44:04 | Zzzzzz · tribute_sent a jugador 8 |
| 44:40 | OOOOOOOOOOO · first_market_sell 500 wood |
| 45:21 | Drutt · resign |
[ AI ANALYSIS · 1 CREDIT ]
What really happened in this match?
Wolo.gg analyzes every decision: build order, eco, micro, common mistakes by bracket. Personalized analysis on WhatsApp or Discord in 30 seconds.
Civ guide
Persians
Perfil
Jugador #3578523